 Dungeon Crawl Stone Soup version 0.32-a0-32-g978bd804de (webtiles) character file.

Game seed: 17748040858144073302

3143 shadizar the Blocker (level 9, -16/74 HPs)
             Began as a Gnoll Fighter on Jan 20, 2024.
             Demolished by a centaur warrior
             ... wielding the +8 demon blade "Leech" {evervamp, Harm ^Drain rN+}
              (27 damage)
             ... on level 8 of the Dungeon.
             The game lasted 00:09:40 (6637 turns).

shadizar the Blocker (Gnoll Fighter)                Turns: 6637, Time: 00:09:40

Health: -16/74     AC: 17    Str: 19    XL:     9   Next: 93%
Magic:  16/16      EV:  9    Int:  8    God:
Gold:   376        SH:  6    Dex: 12    Spells: 17/17 levels left

rFire   . . .        y - +1 morningstar
rCold   . . .        c - +0 buckler
rNeg    . . .        E - +0 chain mail
rPois   .            F - +1 helmet
rElec   .            (no cloak)
rCorr   .            L - +1 pair of gloves
SInv    .            s - +0 pair of boots
Will    .....        o - amulet of the acrobat Stlth
                     t - ring of flight
HPRegen 0.32/turn    J - +4 ring of slaying
MPRegen 0.15/turn

%: acrobat
@: flying
A: fangs 1, strong nose, distributed training
a: no special abilities


You were on level 8 of the Dungeon.
You visited 1 branch of the dungeon, and saw 8 of its levels.

You collected 376 gold pieces.

Inventory:

Hand Weapons
 k - a +1 falchion of electrocution
 r - a +2 vampiric dagger
 y - a +1 morningstar (weapon)
Armour
 c - a +0 buckler (worn)
 s - a +0 pair of boots (worn)
 u - the +2 leather armour of the Marlin {Int+2 SInv}
   (You found it on level 4 of the Dungeon)

   Int+2:     It affects your intelligence (+2).
   SInv:      It lets you see invisible.
 E - a +0 chain mail (worn)
 F - a +1 helmet (worn)
 L - a +1 pair of gloves (worn)
Jewellery
 o - an amulet of the acrobat (around neck)
 t - a ring of flight (left hand)
 J - a +4 ring of slaying (right hand)
Wands
 a - a wand of light (4)
 q - a wand of charming (16)
 A - a wand of flame (21)
 I - a wand of mindburst (10)
Scrolls
 i - a scroll of fear
 x - 4 scrolls of teleportation
Potions
 e - 3 potions of magic {unknown}
 f - a potion of brilliance {unknown}
 j - 2 potions of curing {unknown}
 l - 3 potions of resistance {unknown}
 w - 2 potions of attraction {unknown}
 z - a potion of ambrosia {unknown}
 B - a potion of invisibility {unknown}
 G - a potion of degeneration {unknown}
 H - 2 potions of lignification {unknown}
 M - a potion of mutation {unknown}


   Skills:
 + Level 8.2 Fighting
 + Level 4.9 Short Blades
 + Level 4.9 Long Blades
 + Level 4.9 Axes
 + Level 6.8 Maces & Flails
 + Level 4.9 Polearms
 + Level 4.9 Staves
 + Level 4.9 Ranged Weapons
 + Level 4.9 Throwing
 + Level 8.2 Armour
 + Level 4.9 Dodging
 + Level 4.9 Stealth
 + Level 8.2 Shields
 + Level 4.9 Unarmed Combat
 + Level 4.9 Spellcasting
 + Level 4.0 Conjurations
 + Level 4.0 Hexes
 + Level 4.0 Summonings
 + Level 4.0 Necromancy
 + Level 4.0 Translocations
 + Level 4.0 Fire Magic
 + Level 4.0 Ice Magic
 + Level 4.0 Air Magic
 + Level 4.0 Earth Magic
 + Level 4.0 Alchemy
 + Level 5.3 Invocations
 + Level 4.9 Evocations
 + Level 4.4 Shapeshifting


You had 17 spell levels left.
You didn't know any spells.
Your spell library contained the following spells:

 Spells                   Type           Power      Damage    Failure   Level
 Slow                     Hex            32%        N/A       36%         1
 Ensorcelled Hibernation  Hex/Ice        16%        N/A       52%         2
 Sublimation of Blood     Necr           8%         N/A       52%         2
 Confusing Touch          Hex            8%         N/A       75%         3
 Fugue of the Fallen      Necr           8%         N/A       75%         3
 Sigil of Binding         Hex            8%         N/A       75%         3
 Vampiric Draining        Necr           8%         2d6       75%         3
 Anguish                  Hex/Necr       4%         N/A       98%         4
 Petrify                  Alch/Erth      8%         N/A       98%         4
 Irradiate                Conj/Alch      4%         3d13      100%        5


Dungeon Overview and Level Annotations

Branches:
Dungeon (8/15)             Temple (0/1) D:4
   Lair: D:8-11

Altars:
Ashenzari
Dithmenos
Ru
Vehumet
Yredelemnul
The Shining One

Shops:
D:3 [

Annotations:
D:5 3 runed translucent doors, Crazy Yiuf


Innate Abilities, Weirdness & Mutations

You have very sharp teeth.
Your uncanny sense of smell can sniff out nearby items.
Your experience applies equally to all skills.


Message History

You puncture the orc!
You kill the orc!
No target in view!
No target in view!
No target in view!
No target in view!
No target in view!
No target in view!
No target in view!
No target in view!
No target in view!
No target in view!
No target in view!
You see here a howler monkey corpse.
A centaur warrior comes into view.
It is wielding the +8 demon blade "Leech" {evervamp, Harm ^Drain rN+}, wearing the +8 gold dragon scales of Anaesthesia {^Contam Rampage rPois rF+ rC+ Str+2} and wearing the ring of Zanuilog {*Slow rF+ Will+ Slay+2}.
The centaur warrior shouts!
The centaur warrior unwields the +8 demon blade "Leech" {evervamp, Harm ^Drain rN+}.
The centaur warrior wields a +0 shortbow.
The centaur warrior shoots an arrow.
The arrow hits you!
Unknown command.
Unknown command.
Unknown command.
Sorry, you're not good enough to have a special ability.
The centaur warrior unwields a +0 shortbow.
The centaur warrior wields the +8 demon blade "Leech" {evervamp, Harm ^Drain rN+}.
The centaur warrior hits you with the +8 demon blade "Leech" {evervamp, Harm ^Drain rN+}!
The centaur warrior kicks you but does no damage.
You barely miss the centaur warrior.
The centaur warrior hits you with the +8 demon blade "Leech" {evervamp, Harm ^Drain rN+}.
You block the centaur warrior's attack.
The centaur warrior hits you with the +8 demon blade "Leech" {evervamp, Harm ^Drain rN+}!
The centaur warrior completely misses you.
You sock the centaur warrior!
The centaur warrior is moderately wounded.
The centaur warrior hits you with the +8 demon blade "Leech" {evervamp, Harm ^Drain rN+}!
* * * LOW HITPOINT WARNING * * *
The centaur warrior draws strength from your wounds!
The centaur warrior barely misses you.
The centaur warrior hits you with the +8 demon blade "Leech" {evervamp, Harm ^Drain rN+}!!
You die...

##..##
##....#.#.#
##†)##
##.##.###.
##..## #
##..## ##
##..## .##
##..# #.
#..##∆ ...#
##..#.#
##..##∆
#..# ...##
##..###..#
#####
##..#..# #
##.@c# #
##.## # ###
∆ #


You could see a centaur warrior.

Vanquished Creatures
  A two-headed ogre (D:8)
  Grinder (D:4)
  A hornet (D:7)
  Sigmund (D:2)
  2 steam dragons
  A water moccasin (D:5)
  A sky beast (D:6)
  An ice beast (D:6)
  2 ogres (D:6)
  A centaur (D:7)
  A bullfrog (D:6)
  A scorpion (D:5)
  A water moccasin zombie (D:4)
  4 killer bees
  2 howler monkeys (D:8)
  An orc priest (D:8)
  A centaur zombie (D:4)
  3 bombardier beetles
  6 hounds
  2 iguanas
  A gnoll bouda (D:5)
  Ijyb (D:3)
  2 sleepcaps
  2 orc wizards
  A hound zombie (D:4)
  Robin (D:3)
  5 gnolls (D:5)
  5 adders
  2 ufetubi (D:5)
  2 adder zombies (D:4)
  A dart slug (D:2)
  A ribbon worm (D:2)
  13 orcs
  6 endoplasms
  3 giant cockroaches
  14 goblins
  14 hobgoblins
  6 kobolds
  4 quokkas
  11 ball pythons
  A bat (D:2)
  2 frilled lizards (D:2)
  8 rats
140 creatures vanquished.

Notes
Turn   | Place    | Note
-------+----------+-------------------------------------------
     0 | D:1      | shadizar the Gnoll Fighter began the quest for the Orb.
     0 | D:1      | Reached XP level 1. HP: 23/23 MP: 1/1
    99 | D:1      | Found a faded altar of an unknown god.
   158 | D:1      | Reached XP level 2. HP: 29/29 MP: 2/2
   950 | D:2      | Reached XP level 3. HP: 27/35 MP: 3/3
   993 | D:2      | Reached skill level 1 in Invocations
  1219 | D:2      | Noticed Sigmund
  1234 | D:2      | Killed Sigmund
  1235 | D:2      | Reached skill level 1 in Short Blades
  1235 | D:2      | Reached skill level 1 in Long Blades
  1235 | D:2      | Reached skill level 1 in Axes
  1235 | D:2      | Reached skill level 1 in Polearms
  1235 | D:2      | Reached skill level 1 in Staves
  1235 | D:2      | Reached skill level 1 in Ranged Weapons
  1235 | D:2      | Reached skill level 1 in Throwing
  1235 | D:2      | Reached skill level 1 in Dodging
  1235 | D:2      | Reached skill level 1 in Stealth
  1235 | D:2      | Reached skill level 1 in Unarmed Combat
  1235 | D:2      | Reached skill level 1 in Spellcasting
  1235 | D:2      | Reached skill level 1 in Conjurations
  1235 | D:2      | Reached skill level 1 in Hexes
  1235 | D:2      | Reached skill level 1 in Summonings
  1235 | D:2      | Reached skill level 1 in Necromancy
  1235 | D:2      | Reached skill level 1 in Translocations
  1235 | D:2      | Reached skill level 1 in Fire Magic
  1235 | D:2      | Reached skill level 1 in Ice Magic
  1235 | D:2      | Reached skill level 1 in Air Magic
  1235 | D:2      | Reached skill level 1 in Earth Magic
  1235 | D:2      | Reached skill level 1 in Alchemy
  1235 | D:2      | Reached skill level 1 in Evocations
  1235 | D:2      | Reached skill level 1 in Shapeshifting
  1235 | D:2      | Reached XP level 4. HP: 19/41 MP: 4/6
  1235 | D:2      | Reached XP level 5. HP: 22/47 MP: 4/7
  1647 | D:3      | Noticed Robin
  1686 | D:3      | Killed Robin
  1688 | D:3      | Reached XP level 6. HP: 26/53 MP: 8/8
  1804 | D:3      | Found Uriev's Armour Emporium.
  1910 | D:3      | Reached skill level 5 in Maces & Flails
  2068 | D:3      | Noticed Ijyb
  2082 | D:3      | Killed Ijyb
  2315 | D:3      | Found a shadowy altar of Dithmenos.
  2643 | D:4      | Found a staircase to the Ecumenical Temple.
  2652 | D:4      | Identified the +2 leather armour of the Marlin {Int+2 SInv}
  2965 | D:4      | Found a radiant altar of Vehumet.
  2996 | D:4      | Noticed Grinder
  3021 | D:4      | Paralysed by Grinder for 4 turns
  3026 | D:4      | Killed Grinder
  3027 | D:4      | Reached XP level 7. HP: 49/60 MP: 10/10
  3104 | D:4      | Found a basalt altar of Yredelemnul.
  3551 | D:5      | Entered Level 5 of the Dungeon
  3596 | D:5      | Reached XP level 8. HP: 62/67 MP: 12/12
  3620 | D:5      | Found a broken altar of Ashenzari.
  3693 | D:5      | Found a runed translucent door.
  3695 | D:5      | Found a runed translucent door.
  4213 | D:5      | You are sucked into a shaft and drop 2 floors!
  4213 | D:7      | Found a glowing golden altar of the Shining One.
  4218 | D:7      | Noticed a hornet
  4231 | D:7      | Paralysed by a hornet for 2 turns
  4239 | D:7      | Killed a hornet
  4716 | D:6      | Reached XP level 9. HP: 8/73 MP: 13/15
  5053 | D:5      | Found a runed translucent door.
  5054 | D:5      | Noticed Crazy Yiuf
  5121 | D:5      | Found a sacrificial altar of Ru.
  6415 | D:8      | Reached skill level 5 in Invocations
  6517 | D:8      | Noticed a two-headed ogre
  6523 | D:8      | Killed a two-headed ogre
  6632 | D:8      | Identified the +8 gold dragon scales of Anaesthesia
                  | {^Contam Rampage rPois rF+ rC+ Str+2}
  6632 | D:8      | Identified the ring of Zanuilog {*Slow rF+ Will+ Slay+2}
  6632 | D:8      | Noticed a centaur warrior
  6637 | D:8      | Demolished by a centaur warrior

Illustrated notes

Levels and vault maps discovered:
D:1:      dpeg_arrival_tiny_i, layout_basic,
          shapermc_ecumenical_altar_mp_ritualfount, minmay_misc_feat_alley
D:2:      layout_loops_ring, uniq_sigmund
D:3:      layout_basic, mainiacjoe_overflow_chevrons, serial_shops, shop,
          uniq_robin, uniq_ijyb
D:4:      wander_river, layout_basic, nicolae_yredelemnul_corpse_copse,
          nicolae_vehumet_radiance, minmay_temple_entry_from_below_b,
          minmay_pentomino_pile, uniq_grinder
D:5:      lemuel_insect_pit, layout_basic, lemuel_coloured_pillars_altar,
          lemuel_tele_altar, minmay_starry_boxes, uniq_crazy_yiuf_cottage
D:6:      layout_cave_pools, st_stairs_13
D:7:      layout_basic, mainiacjoe_overflow_brackets,
          mainiacjoe_overflow_concentric_impassable
D:8:      layout_loops_ring, serial_rivers, chequers_serial_rivers_small_b,
          chequers_serial_rivers_micro_d, chequers_serial_rivers_small_b,
          chequers_serial_rivers_micro_a, chequers_serial_rivers_micro_b,
          minmay_diamond_spiral

Skill      XL: |  1  2  3  4  5  6  7  8  9 |
---------------+----------------------------+-----
Invocations    | 1 2 3 4 5 |  5.3
Short Blades   | 1 2 3 4 |  4.9
Long Blades    | 1 2 3 4 |  4.9
Axes           | 1 2 3 4 |  4.9
Polearms       | 1 2 3 4 |  4.9
Staves         | 1 2 3 4 |  4.9
Ranged Weapons | 1 2 3 4 |  4.9
Throwing       | 1 2 3 4 |  4.9
Dodging        | 1 2 3 4 |  4.9
Stealth        | 1 2 3 4 |  4.9
Unarmed Combat | 1 2 3 4 |  4.9
Spellcasting   | 1 2 3 4 |  4.9
Conjurations   | 1 2 3 4 |  4.0
Hexes          | 1 2 3 4 |  4.0
Summonings     | 1 2 3 4 |  4.0
Necromancy     | 1 2 3 4 |  4.0
Translocations | 1 2 3 4 |  4.0
Fire Magic     | 1 2 3 4 |  4.0
Ice Magic      | 1 2 3 4 |  4.0
Air Magic      | 1 2 3 4 |  4.0
Earth Magic    | 1 2 3 4 |  4.0
Alchemy        | 1 2 3 4 |  4.0
Evocations     | 1 2 3 4 |  4.9
Shapeshifting  | 1 2 3 4 |  4.4
Maces & Flails | 5 6 |  6.8
Fighting       | 7 8 |  8.2
Armour         | 7 8 |  8.2
Shields        | 7 8 |  8.2

Action                     |  1- 3 |  4- 6 |  7- 9 || total
---------------------------+-------+-------+-------++-------
  Melee: Flail             |    89 |   163 |   249 ||   501
         Bite              |     7 |    13 |    37 ||    57
         Morningstar       |       |       |    64 ||    64
  Evoke: Wand              |       |       |     6 ||     6
    Use: Potion            |       |     1 |     4 ||     5
         Scroll            |       |       |    10 ||    10
 Armour: Scale mail        |    45 |    94 |   105 ||   244
         Chain mail        |       |       |   199 ||   199
  Dodge: Dodged            |    25 |    73 |   207 ||   305
  Block: Buckler           |    21 |    40 |   109 ||   170

Table legend: (Time is in decaauts)
 A = Elapsed time spent in this place.
 B = Non-inter-level travel time spent in this place.
 C = Inter-level travel time spent in this place.
 D = Time resting spent in this place.
 E = Time spent auto-exploring this place.
 F = Levels seen in this place.
 G = Mean time per level.
                   A        B        C        D        E       F      G
               +--------+--------+--------+--------+--------+-----+--------+
         Total |   6739 |   6617 |    122 |      0 |   5171 |   8 |  842.4 |
       Dungeon |   6739 |   6617 |    122 |      0 |   5171 |   8 |  842.4 |
               +--------+--------+--------+--------+--------+-----+--------+

Top non-repeatable levels by time:
     D:5: 1183 daAuts
     D:4: 995 daAuts
     D:3: 964 daAuts
     D:1: 868 daAuts
     D:6: 820 daAuts
     D:2: 779 daAuts
     D:8: 639 daAuts
     D:7: 488 daAuts
